 Dungeon Crawl Stone Soup version 0.25.1-2-g60ff931df9 (webtiles) character file.

Game seed: 1133778418346001235

237 Allula97 the Skirmisher (level 6, -7/48 HPs)
             Began as a Formicid Abyssal Knight on Nov 6, 2020.
             Was a Believer of Lugonu.
             Mangled by a moth of wrath (18 damage)
             ... on level 3 of the Dungeon.
             The game lasted 00:13:41 (2928 turns).

Allula97 the Skirmisher (Formicid Abyssal Knight)   Turns: 2928, Time: 00:13:41

Health: -7/48      AC:  3    Str: 17    XL:     6   Next: 28%
Magic:  8/8        EV: 12    Int: 12    God:    Lugonu [**....]
Gold:   131        SH:  0    Dex: 11    Spells: 5/5 levels left

rFire    + . .     SeeInvis +   a - +2 falchion
rCold    x . .     Gourm    .   (no shield)
rNeg     . . .     Faith    .   b - +0 leather armour
rPois    .         Spirit   .   (helmet unavailable)
rElec    .         Reflect  .   (no cloak)
rCorr    .         Harm     .   (no gloves)
MR       .....                  (no boots)
Stlth    ++........             (no amulet)
HPRegen  0.16/turn              (no ring)
MPRegen  0.11/turn              i - ring of fire

@: brilliant, stab
A: permanent stasis, dig shafts and tunnels, four strong arms, antennae 3
a: Dig, Shaft Self, Depart the Abyss, Bend Space, Renounce Religion


You were on level 3 of the Dungeon.
You worshipped Lugonu.
Lugonu was pleased with you.
You were not hungry.

You visited 1 branch of the dungeon, and saw 3 of its levels.
You visited the Abyss 1 time.

You collected 131 gold pieces.

Inventory:

Hand Weapons
 a - a +2 falchion (weapon)
 e - a cursed -1 dagger
 g - a +2 dagger of flaming
Missiles
 m - 2 silver javelins (quivered)
Armour
 b - a +0 leather armour (worn)
Magical Staves
 d - an uncursed staff of death
Jewellery
 i - a ring of fire (right hand)
Wands
 r - a wand of flame (4)
Potions
 h - a potion of brilliance
 p - 2 potions of cancellation
Comestibles
 c - 7 rations


   Skills:
 * Level 4.2 Fighting
 * Level 3.2 Long Blades
 * Level 3.5 Armour
 * Level 2.3 Dodging
 + Level 2.0 Stealth
 + Level 3.1 Invocations


You had 5 spell levels left.
You didn't know any spells.
Your spell library was empty.

Dungeon Overview and Level Annotations

Branches:
Dungeon (3/15)

Altars:
Trog


Innate Abilities, Weirdness & Mutations

You cannot be hasted, slowed, berserked, paralysed or teleported.
You can dig through walls and to a lower floor.
Your four strong arms can wield two-handed weapons with a shield.
You have a pair of large antennae on your head. (SInv)


Message History

The moth of wrath barely misses you.
You completely miss the moth of wrath.
The moth of wrath is moderately wounded.
The moth of wrath barely misses you.
You riposte.
You hit the moth of wrath but do no damage.
The moth of wrath is lightly wounded.
You slash the moth of wrath!
The moth of wrath is moderately wounded.
The moth of wrath completely misses you.
You riposte.
You slash the moth of wrath!
The moth of wrath is heavily wounded.
The moth of wrath bites you.
You barely miss the moth of wrath.
The moth of wrath is heavily wounded.
The moth of wrath bites you!
* * * LOW HITPOINT WARNING * * *
You barely miss the moth of wrath.
The moth of wrath is heavily wounded.
The moth of wrath bites you!!
You die...

# #..# # #..# # #..#
###### #
#..#######....## #
#.....##.......## ###
#.#..##)).......# ..#
#.#.###....#....#
#.###.#.##....###...####
#.......##)._.#y@......#
####...###)..=###...##.#
.....#...##....#....##.#
.###...####.........#..#
.# ##.## ##.......##.##
.# #.# ###....###.# .#
#.# ###### #.# .# #.#
#.####.# .# #.# #......#


You could see a moth of wrath.

Vanquished Creatures
  2 orc priests (D:3)
  2 orc wizards (D:3)
  5 adders
  3 worms (D:3)
  2 dart slugs (D:1)
  A leopard gecko (D:2)
  8 orcs (D:3)
  7 bats
  A giant cockroach (D:3)
  5 goblins
  7 hobgoblins
  7 jackals
  A quokka (D:2)
  2 frilled lizards (D:3)
  5 kobolds
  6 rats
64 creatures vanquished.

Notes
Turn   | Place    | Note
-------+----------+-------------------------------------------
     0 | Abyss:1  | Allula97 the Formicid Abyssal Knight began the quest for
                  | the Orb.
     0 | Abyss:1  | Reached XP level 1. HP: 18/18 MP: 2/2
     0 | Abyss:1  | Noticed a spatial vortex
     0 | Abyss:1  | Noticed a spatial vortex
     1 | Abyss:1  | Noticed a spatial vortex
    21 | D:1      | Escaped the Abyss
   163 | D:1      | Reached skill level 1 in Dodging
   186 | D:1      | Reached XP level 2. HP: 24/24 MP: 3/3
   494 | D:1      | Reached XP level 3. HP: 23/29 MP: 4/4
   594 | D:2      | Reached ** piety under Lugonu
   844 | D:2      | Reached skill level 1 in Stealth
   904 | D:2      | Reached XP level 4. HP: 25/37 MP: 5/5
  1491 | D:3      | Reached skill level 4 in Fighting
  1491 | D:3      | Reached XP level 5. HP: 14/42 MP: 7/7
  2184 | D:3      | Noticed a moth of wrath
  2188 | D:3      | Found a bloodstained altar of Trog.
  2576 | D:3      | Reached XP level 6. HP: 48/48 MP: 8/8
  2928 | D:3      | Mangled by a moth of wrath

Illustrated notes

Levels and vault maps discovered:
D:1:      lemuel_arrival_hallway, layout_loops_ring
D:2:      wander_river, layout_loops_ring
D:3:      layout_loops_ring, tgw_trog

Skill      XL: |  1  2  3  4  5  6 |
---------------+-------------------+-----
Dodging        | 1 2 |  2.3
Stealth        | 1 2 |  2.0
Fighting       | 4 |  4.2
Armour         | 3 |  3.5
Invocations    | 3 |  3.1
Long Blades    | 3 |  3.2

Action                   |  1- 3 |  4- 6 || total
-------------------------+-------+-------++-------
Melee: Falchion          |    82 |   131 ||   213
Invok: Bend Space        |       |     2 ||     2
 Abil: Dig               |       |     2 ||     2
Evoke: Wand              |       |     5 ||     5
  Use: Potion            |     3 |     5 ||     8
       Scroll            |     2 |     6 ||     8
 Stab: Sleeping          |     1 |     3 ||     4
  Eat: Chunk             |       |     7 ||     7
Armor: Leather armour    |    22 |    32 ||    54
Dodge: Dodged            |    65 |    91 ||   156
       Rpst.: Falchion   |    19 |    32 ||    51
